 Dungeon Crawl Stone Soup version 0.31-a0-986-g5e6e4ef867 (webtiles) character file.

Game seed: 7681202312429268461

3038 wildpjah the Cruncher (level 9, -1/54 (72) HPs)
             Began as a Barachi Fighter on Nov 22, 2023.
             Was a Follower of Okawaru.
             Slain by Joseph
             ... wielding a +0 quarterstaff of draining
              (8 damage)
             ... on level 8 of the Dungeon.
             The game lasted 00:15:50 (6664 turns).

wildpjah the Cruncher (Barachi Fighter)             Turns: 6664, Time: 00:15:51

HP:   -1/54 (72)    AC: 16    Str: 19    XL:     9   Next: 86%
MP:   9/9           EV:  7    Int:  8    God:    Okawaru [*.....]
Gold: 296           SH:  0    Dex: 15    Spells: 8/8 levels left

rFire   . . .        e - +2 quarterstaff (chaos)
rCold   . . .        (shield currently unavailable)
rNeg    . . .        s - +0 plate armour
rPois   .            c - +0 helmet
rElec   .            b - scarf {repulsion}
rCorr   .            t - +0 pair of gloves
SInv    .            (no boots)
Will    .....        (no amulet) Stlth
                     p - ring of wizardry
HPRegen 0.29/turn    (no ring)
MPRegen 0.11/turn

%: repel missiles, wizardry (x1)
@: very heavily drained, slow
A: amphibious, slowness 1, strong legs 1, +LOS
a: Hop, Renounce Religion, Heroism


You were on level 8 of the Dungeon.
You worshipped Okawaru.
Okawaru was aware of your devotion.
You visited 2 branches of the dungeon, and saw 9 of its levels.
You also visited: Sewer.

You collected 296 gold pieces.

Inventory:

Hand Weapons
 e - a +2 quarterstaff of chaos (weapon)
 l - a +1 lajatang
 B - a +0 flail of venom
Missiles
 C - a throwing net
Armour
 b - a scarf of repulsion (worn)
 c - a +0 helmet (worn)
 n - a +0 cloak
 r - a +0 chain mail
 s - a +0 plate armour (worn)
 t - a +0 pair of gloves (worn)
Jewellery
 p - a ring of wizardry (left hand)
 u - a +6 ring of dexterity
Wands
 i - a wand of roots (19) (quivered)
 m - a wand of flame (5)
 q - a wand of polymorph (6)
Scrolls
 a - a scroll of immolation
 g - a scroll of fog
 h - a scroll of amnesia
 j - 2 scrolls of vulnerability
 k - a scroll of revelation
 y - 5 scrolls of identify
 z - 5 scrolls of teleportation
Potions
 d - 2 potions of might
 f - 3 potions of curing {unknown}
 o - a potion of brilliance {unknown}
 v - a potion of heal wounds
 w - 2 potions of invisibility {unknown}
 x - a potion of magic {unknown}
 A - 2 potions of ambrosia {unknown}
 D - a potion of lignification {unknown}


   Skills:
 + Level 7.5 Fighting
 - Level 3.4 Long Blades
 + Level 9.6 Staves
 + Level 9.1 Armour
 + Level 2.5 Dodging
 + Level 1.8 Stealth
 + Level 3.9 Shields
 + Level 1.0 Invocations
 + Level 0.7 Evocations


You had 8 spell levels left.
You didn't know any spells.
Your spell library contained the following spells:

 Spells                   Type           Power      Damage    Failure   Level
 Blink                    Tloc           0%         N/A       99%         2
 Manifold Assault         Tloc           0%         N/A       100%        4


Dungeon Overview and Level Annotations

Branches:
Dungeon (8/15)             Temple (1/1) D:6           Sewer (visited)
   Lair: D:8-11

Altars:
Cheibriados
Dithmenos
Elyvilon
Fedhas
Gozag
Hepliaklqana
Kikubaaqudgha
Makhleb
Nemelex Xobeh
Okawaru
Qazlal
Ru
Trog
Uskayaw
Vehumet
Wu Jian
Xom
Yredelemnul
Zin
The Shining One

Annotations:
D:8 Joseph


Innate Abilities, Weirdness & Mutations

You are amphibious.
You cover ground slowly.
You can hop short distances.
You have an extended range of vision and can be seen from far away.


Message History

Joseph is moderately wounded.
Joseph barely misses you.
You barely miss Joseph.
Joseph is moderately wounded.
You closely miss Joseph.
Joseph is moderately wounded.
Joseph says, "I'm here to kill trespassers.
I like my job."
Joseph hits you but does no damage.
You feel drained.
You sock Joseph! Lightning courses through Joseph!!
Joseph is severely wounded.
Joseph completely misses you.
You barely miss Joseph.
Joseph is severely wounded.
Joseph hits you with a +0 quarterstaff of draining.
You feel drained.
You closely miss Joseph.
Joseph is severely wounded.
Joseph hits you with a +0 quarterstaff of draining!
You feel drained.
* * * LOW HITPOINT WARNING * * *
You barely miss Joseph.
Joseph is severely wounded.
You miss Joseph.
Joseph is severely wounded.
Joseph hits you with a +0 quarterstaff of draining.
* * * LOW HITPOINT WARNING * * *
You feel drained.
* * * LOW HITPOINT WARNING * * *
You closely miss Joseph.
Joseph is severely wounded.
Joseph hits you but does no damage.
You feel drained.
You barely miss Joseph.
Joseph is severely wounded.
Joseph hits you with a +0 quarterstaff of draining.
* * * LOW HITPOINT WARNING * * *
You feel drained.
You barely miss Joseph.
Joseph is severely wounded.
Joseph hits you with a +0 quarterstaff of draining!
You die...

##### #@@.##
#.###.## #.
##.## ###. ##.#
#... #.# #.#.#
##<# ......#
##.## #
#.#.###.##
#......########


You could see Joseph (agile).

Vanquished Creatures
  Jeremiah (D:6)
  2 water moccasins
  2 orc warriors
  A sky beast (D:7)
  2 black bears (D:5)
  An ogre (D:5)
  A phantom (D:7)
  A centaur (D:6)
  A kobold brigand (D:8)
  Blork the orc (D:5)
  A bullfrog (D:5)
  A gnoll sergeant (D:7)
  9 wights
  7 howler monkeys
  A crimson imp (D:7)
  2 jellies
  Crazy Yiuf (D:2)
  2 hounds
  A gnoll bouda (D:4)
  3 iguanas
  3 sleepcaps
  10 orc wizards
  Robin (D:3)
  12 gnolls
  7 adders
  A river rat (D:5)
  2 shadow imps
  A white imp (D:6)
  2 ufetubi (D:6)
  2 worms
  A dart slug (D:2)
  17 orcs
  13 ball pythons
  8 bats
  13 endoplasms
  6 giant cockroaches
  15 goblins
  7 hobgoblins
  6 jackals
  2 quokkas (D:4)
  4 frilled lizards
  6 kobolds
  3 rats
183 creatures vanquished.

Vanquished Creatures (others)
  A ball python zombie (D:4)
1 creature vanquished.

Grand Total: 184 creatures vanquished

Notes
Turn   | Place    | Note
-------+----------+-------------------------------------------
     0 | D:1      | wildpjah the Barachi Fighter began the quest for the Orb.
     0 | D:1      | Reached XP level 1. HP: 18/18 MP: 1/1
    47 | D:1      | Reached XP level 2. HP: 25/25 MP: 2/2
   347 | D:1      | Reached XP level 3. HP: 28/30 MP: 3/3
  1160 | D:2      | Reached XP level 4. HP: 37/37 MP: 4/4
  1352 | D:2      | Found a runed translucent door.
  1353 | D:2      | Noticed Crazy Yiuf
  1363 | D:2      | Killed Crazy Yiuf
  1364 | D:2      | Reached skill level 1 in Staves
  1549 | D:3      | Reached XP level 5. HP: 26/42 MP: 5/5
  1877 | D:3      | Noticed Robin
  1888 | D:3      | Killed Robin
  2350 | D:4      | Reached XP level 6. HP: 48/48 MP: 6/6
  2534 | D:4      | Reached skill level 5 in Armour
  2534 | D:4      | Reached skill level 1 in Dodging
  2718 | D:4      | Found a hazy altar of Hepliaklqana.
  2754 | D:5      | Entered Level 5 of the Dungeon
  2771 | D:5      | Reached skill level 5 in Staves
  2771 | D:5      | Reached XP level 7. HP: 33/55 MP: 7/7
  2799 | D:5      | Reached skill level 5 in Fighting
  3199 | D:5      | Found a glowing drain.
  3208 | Sewer    | Entered a sewer
  3588 | D:5      | Noticed Blork the orc
  3599 | D:5      | Killed Blork the orc
  3603 | D:5      | Reached XP level 8. HP: 62/62 MP: 8/8
  4083 | D:6      | Noticed Jeremiah
  4336 | D:6      | Found a staircase to the Ecumenical Temple.
  4355 | Temple   | Entered the Ecumenical Temple
  4369 | Temple   | Became a worshipper of Warmaster Okawaru
  4412 | D:6      | Killed Jeremiah
  4570 | Temple   | Reached XP level 9. HP: 47/69 MP: 9/9
  4655 | D:6      | Reached skill level 1 in Stealth
  5042 | D:6      | Reached * piety under Okawaru
  5330 | D:7      | Found a shimmering altar of Xom.
  5330 | D:7      | Found a burning altar of Makhleb.
  5640 | D:7      | Found a radiant altar of Vehumet.
  5681 | D:7      | Reached skill level 1 in Invocations
  5869 | D:7      | Found a stormy altar of Qazlal.
  6644 | D:8      | Noticed Joseph
  6664 | D:8      | Slain by Joseph

Illustrated notes

Levels and vault maps discovered:
D:1:      scummos_arrival_simple_crosswalls, layout_loops_ring
D:2:      layout_loops_ring, uniq_crazy_yiuf_cottage
D:3:      layout_rooms, uniq_robin
D:4:      layout_gridville, nzn_hepliaklqana_mist_gate, st_stairs_10
D:5:      layout_loops_ring, portal_sewer_entry_e, uniq_blork_the_orc
D:6:      layout_cave_pools, minmay_temple_entry_glass, serial_park,
          serial_park_square2, serial_park_square2, serial_park_tiny_pond,
          serial_park_tiny_1, uniq_jeremiah
D:7:      layout_loops_corners, grunt_temple_overflow_champion_of_chaos,
          mainiacjoe_overflow_brackets, grunt_qazlal_sundering, serial_aquarium,
          aquarium_bridge_long_separate [aquarium_subvault_wall,
          aquarium_subvault_window, aquarium_subvault_bridge,
          aquarium_subvault_window, aquarium_subvault_window,
          aquarium_subvault_bridge], aquarium_window_fake, aquarium_window_2,
          aquarium_window_2, aquarium_window_fake, aquarium_view_2b,
          aquarium_balcony_double_3, aquarium_pool_1, billiards_dpeg
D:8:      layout_loops_ring, lemuel_doored_altar, uniq_joseph, uniq_maurice,
          uniq_erica
Temple:   bh_familiar_temple

Skill      XL: |  1  2  3  4  5  6  7  8  9 |
---------------+----------------------------+-----
Long Blades    | 3 |  3.4
Armour         | 4 5 6 7 9 |  9.1
Staves         | 2 3 5 6 8 9 |  9.6
Fighting       | 4 5 6 7 |  7.5
Dodging        | 1 2 |  2.5
Stealth        | 1 |  1.8
Invocations    | 1 |  1.0
Shields        | |  3.9
Evocations     | |  0.7

Action                     |  1- 3 |  4- 6 |  7- 9 || total
---------------------------+-------+-------+-------++-------
  Melee: Long sword        |    88 |       |       ||    88
         Lajatang          |    11 |    15 |       ||    26
         Quarterstaff      |       |   135 |   365 ||   500
 Invoke: Heroism           |       |       |     1 ||     1
Ability: Hop               |       |       |     1 ||     1
  Evoke: Wand              |       |       |     4 ||     4
    Use: Potion            |       |     1 |       ||     1
         Scroll            |       |     4 |     5 ||     9
   Stab: Paralysed         |       |       |     2 ||     2
 Armour: Scale mail        |    80 |    83 |       ||   163
         Chain mail        |       |     8 |       ||     8
         Plate armour      |       |    67 |   346 ||   413
         Skin              |       |       |     4 ||     4
  Dodge: Dodged            |    55 |    66 |   100 ||   221
         Repelled          |       |       |     2 ||     2
  Block: Buckler           |    23 |       |       ||    23

Table legend: (Time is in decaauts)
 A = Elapsed time spent in this place.
 B = Non-inter-level travel time spent in this place.
 C = Inter-level travel time spent in this place.
 D = Time resting spent in this place.
 E = Time spent auto-exploring this place.
 F = Levels seen in this place.
 G = Mean time per level.
                   A        B        C        D        E       F      G
               +--------+--------+--------+--------+--------+-----+--------+
         Total |   7468 |   7178 |    290 |    358 |   5386 |  10 |  746.8 |
       Dungeon |   7206 |   6946 |    260 |    283 |   5292 |   8 |  900.8 |
        Temple |    109 |     80 |     29 |     71 |      0 |   1 |  109.0 |
         Sewer |    152 |    152 |      0 |      4 |     93 |   1 |  152.0 |
               +--------+--------+--------+--------+--------+-----+--------+

Top non-repeatable levels by time:
     D:7: 1483 daAuts
     D:5: 1252 daAuts
     D:6: 1093 daAuts
     D:2: 956 daAuts
     D:4: 839 daAuts
     D:1: 803 daAuts
     D:3: 643 daAuts
   Sewer: 152 daAuts
     D:8: 133 daAuts
  Temple: 109 daAuts
